 Dungeon Crawl Stone Soup version 0.26.1-11-gd32895ea62 (webtiles) character file.

Game seed: 18118847182692178170

2189 vvl the Transmogrifier (level 9, -6/59 HPs)
             Began as an Octopode Transmuter on July 15, 2021.
             Mangled by an orc warrior
             ... wielding a +0 scimitar
              (20 damage)
             ... on level 6 of the Dungeon.
             The game lasted 00:17:21 (8690 turns).

vvl the Transmogrifier (Octopode Transmuter)        Turns: 8690, Time: 00:17:22

Health: -6/59      AC:  1    Str: 13    XL:     9   Next: 33%
Magic:  2/16       EV: 13    Int: 15    God:
Gold:   286        SH:  0    Dex: 12    Spells: 9/18 levels left

rFire    . . .     SeeInvis .     - Unarmed
rCold    . . .     Faith    .   (shield currently unavailable)
rNeg     . . .     Spirit   .   (helmet restricted)
rPois    .         Reflect  .   (no amulet)
rElec    .         Harm     .   d - ring of stealth
rCorr    .         Rampage  .   j - ring of stealth
Will     .....                  (no ring)
Stlth    ++++......             (no ring)
HPRegen  0.19/turn              (no ring)
MPRegen  0.15/turn              (no ring)
                                (no ring)
                                (no ring)

@: blade tentacles, very slightly contaminated
A: almost no armour, stealthy swim, amphibious, 8 rings, constrict 8, camouflage
1, gelatinous body 1
a: End Transformation


You were on level 6 of the Dungeon.
You had blades for tentacles.
You visited 1 branch of the dungeon, and saw 6 of its levels.

You collected 286 gold pieces.

Inventory:

Hand Weapons
 n - a +0 whip of flaming
Magical Staves
 m - an uncursed staff of air
Jewellery
 d - a ring of stealth (left scythe-like blade)
 j - a ring of stealth (right scythe-like blade)
 r - an uncursed ring of protection from cold {unknown}
 w - an uncursed ring of flight {unknown}
 x - an uncursed ring of positive energy {unknown}
Wands
 o - a wand of disintegration (28)
 q - a wand of acid (13)
 u - a wand of flame (21)
Scrolls
 a - 2 scrolls of immolation
 b - 2 scrolls of identify {unknown}
 c - a scroll of fear {unknown}
 f - 3 scrolls of remove curse {unknown}
 g - a scroll of blinking {unknown}
 i - 2 scrolls of teleportation {unknown}
 v - a scroll of enchant weapon {unknown}
Potions
 e - a potion of curing
 h - 4 potions of attraction {unknown}
 k - a potion of heal wounds {unknown}
 l - 2 potions of lignification {unknown}
 p - a potion of brilliance {unknown}
 s - a potion of degeneration {unknown}
 t - a potion of invisibility {unknown}


   Skills:
 + Level 4.4 Fighting
 - Level 2.0 Dodging
 + Level 5.3 Unarmed Combat
 + Level 5.3 Spellcasting
 * Level 8.3 Transmutations
 - Level 4.0 Poison Magic


You had 9 spell levels left.
You knew the following spells:

 Your Spells              Type           Power        Failure   Level
a - Beastly Appendage     Tmut           56%          12%         1
b - Spider Form           Tmut/Pois      11%          28%         3
c - Blade Hands           Tmut           14%          54%         5

Your spell library contained the following spells:

 Spells                   Type           Power        Failure   Level
 Wereblood                Tmut           28%          14%         2
 Corona                   Hex            3%           56%         1
 Magic Dart               Conj           12%          56%         1
 Blink                    Tloc           N/A          67%         2
 Call Imp                 Summ           3%           67%         2
 Ensorcelled Hibernation  Hex/Ice        6%           67%         2
 Searing Ray              Conj           6%           67%         2
 Slow                     Hex            3%           67%         2
 Mephitic Cloud           Conj/Pois/Air  7%           71%         3
 Ice Form                 Ice/Tmut       16%          71%         4
 Confusing Touch          Hex            3%           83%         3
 Conjure Flame            Conj/Fire      3%           83%         3
 Dazzling Flash           Conj/Hex       6%           83%         3
 Tukima's Dance           Hex            3%           83%         3
 Fulminant Prism          Conj/Hex       1%           99%         4
 Iskenderun's Mystic Bla  Conj/Tloc      3%           99%         4


Dungeon Overview and Level Annotations

Branches:
Dungeon (6/15)             Temple (0/1) D:6

Altars:
Dithmenos
Gozag
Hepliaklqana
Nemelex Xobeh
Okawaru
The Shining One

Shops:
D:5 [


Innate Abilities, Weirdness & Mutations

You cannot wear most types of armour.
You are very stealthy in the water. (Stealth+)
You are amphibious.
You can wear up to eight rings at the same time.
You can use your tentacles to constrict eight enemies at once.
Your skin changes colour to match your surroundings (Stealth+).
Your rubbery body absorbs attacks. (AC +1, EV +1)


Message History

Beogh smites you! The bullfrog hits you.
You hit the bullfrog.
You kill the bullfrog!
The orc priest mumbles some strange prayers to Beogh against you.
Beogh smites you!
The orc wizard gestures at itself while chanting.
The orc wizard flickers and vanishes!
Deactivating autopickup; reactivate with Ctrl-A.
You barely miss the orc priest. Your grab misses the orc priest.
The orc priest hits you with a +0 hand axe!
* * * LOW HITPOINT WARNING * * *
You completely miss the orc priest. You grab the orc priest.
You squeeze the orc priest, but do no damage.
You constrict the orc priest.
The orc priest hits you with a +0 hand axe.
* * * LOW HITPOINT WARNING * * *
You slash the orc priest!
You kill the orc priest!
The orc warrior hits you with a +0 scimitar!!
You die...

###....##..>.#
....### #....#
.## ##..## .#
##..## .#
##..# .# ##.##
##>## ##.##
##@## #o.##
##o.# #)....#
..####... ..##
. ..# ... ....


You could see an orc warrior and an orc priest.

Vanquished Creatures
  Pikel (D:4)
  Prince Ribbit (D:5)
  Grinder (D:3)
  3 ogres
  A centaur (D:5)
  2 lemures (D:4)
  3 bullfrogs (D:6)
  A water moccasin skeleton (D:6)
  2 scorpions
  A bullfrog zombie (D:5)
  An orc wizard (D:3)
  A jelly (D:6)
  2 bullfrog skeletons (D:5)
  3 orc priests (D:6)
  5 worker ants
  An iguana (D:4)
  A worker ant zombie (D:6)
  3 gnolls (D:5)
  10 adders
  A white imp (D:6)
  An ufetubus (D:5)
  An ooze (D:3)
  4 worms
  2 dart slugs
  4 leopard geckos
  9 orcs
  6 bats
  4 giant cockroaches
  9 goblins
  6 hobgoblins
  A jackal (D:1)
  3 quokkas
  2 frilled lizards
  A jackal skeleton (D:4)
  11 kobolds
  A leopard gecko skeleton (D:2)
  A quokka skeleton (D:6)
  A quokka zombie (D:5)
  5 rats
116 creatures vanquished.

Vanquished Creatures (others)
  A plant (D:4)
1 creature vanquished.

Grand Total: 117 creatures vanquished

Notes
Turn   | Place    | Note
-------+----------+-------------------------------------------
     0 | D:1      | vvl the Octopode Transmuter began the quest for the Orb.
     0 | D:1      | Reached XP level 1. HP: 13/13 MP: 3/3
   677 | D:1      | Reached XP level 2. HP: 15/18 MP: 3/5
   973 | D:1      | Reached skill level 1 in Poison Magic
  1638 | D:2      | Reached XP level 3. HP: 9/23 MP: 4/6
  1858 | D:2      | Reached skill level 3 in Transmutations
  2009 | D:2      | Found a shadowy altar of Dithmenos.
  2044 | D:2      | Found a sparkling altar of Nemelex Xobeh.
  2044 | D:2      | Found a hazy altar of Hepliaklqana.
  2048 | D:2      | Found a glowing golden altar of the Shining One.
  2471 | D:2      | Reached XP level 4. HP: 28/28 MP: 5/7
  2561 | D:2      | Found an opulent altar of Gozag.
  3080 | D:2      | Learned a level 3 spell: Spider Form
  3081 | D:3      | Noticed Grinder
  3994 | D:3      | Killed Grinder
  3995 | D:3      | Reached skill level 4 in Transmutations
  3995 | D:3      | Reached XP level 5. HP: 20/33 MP: 8/10
  3995 | D:3      | Reached XP level 6. HP: 23/38 MP: 8/11
  4305 | D:3      | Reached skill level 5 in Transmutations
  4728 | D:3      | Reached XP level 7. HP: 34/43 MP: 9/12
  5944 | D:4      | Noticed Pikel
  5984 | D:4      | Killed Pikel
  5985 | D:4      | Reached skill level 6 in Transmutations
  5985 | D:4      | Reached XP level 8. HP: 19/51 MP: 10/14
  6322 | D:5      | Entered Level 5 of the Dungeon
  6323 | D:5      | Noticed Prince Ribbit
  6345 | D:5      | Killed Prince Ribbit
  6346 | D:5      | Reached skill level 7 in Transmutations
  6706 | D:5      | Found Xemet's Armour Emporium.
  7009 | D:5      | Reached XP level 9. HP: 37/58 MP: 12/16
  7387 | D:6      | Reached skill level 5 in Spellcasting
  7545 | D:6      | Reached skill level 5 in Unarmed Combat
  7721 | D:6      | Found an iron altar of Okawaru.
  7815 | D:6      | Reached skill level 8 in Transmutations
  8344 | D:6      | Learned a level 5 spell: Blade Hands
  8653 | D:6      | Found a staircase to the Ecumenical Temple.
  8690 | D:6      | Mangled by an orc warrior

Illustrated notes

Levels and vault maps discovered:
D:1:      scummos_arrival_simple_fountains, layout_basic,
          hangedman_feature_mirror, st_stairs_4
D:2:      layout_basic, minitemple, grunt_gozag_statues
D:3:      layout_basic, uniq_grinder
D:4:      layout_rooms, serial_bayou_pond_a, uniq_pikel
D:5:      layout_basic, serial_shops, nicolae_shop_statue_plus,
          nrook_pool_corridor, uniq_prince_ribbit1
D:6:      layout_cave_pods, nicolae_overflow_crystal_walls,
          minmay_temple_entry_offerings,
          hangedman_abyss_or_decor_jellyfish_corner, minmay_between

Skill      XL: |  1  2  3  4  5  6  7  8  9 |
---------------+----------------------------+-----
Poison Magic   | 1 3 4 |  4.0
Transmutations | 3 4 5 6 7 8 |  8.3
Spellcasting   | 3 4 5 |  5.3
Fighting       | 2 3 4 |  4.4
Unarmed Combat | 4 5 |  5.3
Dodging        | |  2.0

Action                   |  1- 3 |  4- 6 |  7- 9 || total
-------------------------+-------+-------+-------++-------
Melee: Unarmed           |    78 |    93 |   202 ||   373
       Constrict         |    20 |     7 |    11 ||    38
       Punch             |     2 |       |       ||     2
       Tentacles         |    10 |     2 |     7 ||    19
       Kick              |     9 |     3 |       ||    12
 Cast: Beastly Appendage |    14 |     5 |     2 ||    21
       Spider Form       |       |    12 |    23 ||    35
       Blade Hands       |       |       |     2 ||     2
  Use: Potion            |       |     2 |       ||     2
       Scroll            |       |       |     2 ||     2
 Stab: Sleeping          |     2 |     2 |     8 ||    12
Armor: Skin              |     4 |     5 |     5 ||    14
Dodge: Dodged            |    46 |    58 |   140 ||   244
